 Dungeon Crawl Stone Soup version 0.30-a0-142-g7370640ec8 (webtiles) character file.

Game seed: 5775718328511652930

140 qw the Chopper (level 5, -2/32 HPs)
             Began as a Gargoyle Fighter on Sept 26, 2022.
             Killed from afar by Ijyb (8 damage)
             ... with a bolt of dispelling energy
             ... on level 3 of the Dungeon.
             The game lasted 00:01:03 (2569 turns).

qw the Chopper (Gargoyle Fighter)                   Turns: 2569, Time: 00:01:03

Health: -2/32      AC: 12    Str: 21    XL:     5   Next: 22%
Magic:  5/5        EV:  9    Int:  9    God:
Gold:   189        SH:  4    Dex:  9    Spells: 4/4 levels left

rFire   . . .      SeeInvis .    Y - +1 war axe
rCold   . . .      Faith    .    c - +0 buckler
rNeg    + . .      Spirit   .    b - +0 scale mail
rPois   inf        Reflect  .    (no helmet)
rElec   +          Harm     .    e - +0 cloak
rCorr   .          Rampage  .    (no gloves)
Will    .....                    (no boots)
Stlth   ..........               (no amulet)
HPRegen 0.10/turn                (no ring)
MPRegen 0.09/turn                (no ring)

@: no status effects
A: sickness immunity, AC +4, negative energy resistance 1, electricity
resistance, torment resistance 1, petrification resistance
a: no special abilities


You were on level 3 of the Dungeon.
You visited 1 branch of the dungeon, and saw 3 of its levels.

You collected 189 gold pieces.


Innate Abilities, Weirdness & Mutations

You are immune to sickness and miasma.
Your stone body is resilient. (AC +4)
You are immune to poison.
You resist negative energy. (rN+)
You are resistant to electric shocks. (rElec)
You are resistant to unholy torment.
You are immune to petrification.


   Skills:
 - Level 3.2 Fighting
 + Level 4.8 Axes
 - Level 3.2 Armour
 - Level 3.2 Shields


You had 4 spell levels left.
You didn't know any spells.
Your spell library was empty.

Inventory:

Hand Weapons
 f - a +0 morningstar
 Y - a +1 war axe (weapon)
Missiles
 g - a boomerang (quivered)
Armour
 b - a +0 scale mail (worn)
 c - a +0 buckler (worn)
 e - a +0 cloak (worn)
 j - a +0 helmet
Scrolls
 a - a scroll of identify
 h - a scroll of butterflies {unknown}
 m - a scroll of enchant armour {unknown}
Potions
 d - 2 potions of might
 i - a potion of curing {unknown}
 k - a potion of heal wounds {unknown}
 l - a potion of haste {unknown}

Dungeon Overview and Level Annotations

Branches:
Dungeon (3/15)

Altars:

Annotations:
D:3 Ijyb


Message History

The adder is heavily wounded.
The adder closely misses you. The adder misses you.
You closely miss the adder.
The adder is heavily wounded.
The adder closely misses you.
You closely miss the adder.
The adder is heavily wounded.
The adder bites you but does no damage. x2
You slash the adder!
You kill the adder!
You see here an adder corpse.
Found a stone staircase leading up.
Enter note:
Enter note:
Enter note:
Enter note: Ijyb the Twisted Goblin comes into view.
She is wielding a +0 club, wearing a +3 scale mail of positive energy and carrying a wand of quicksilver (9).
Ijyb shouts!
Ijyb zaps a wand.
The bolt of dispelling energy hits you!
Enter note:
Enter note: Ijyb hits you but does no damage.
You hit Ijyb.
Ijyb is lightly wounded.
Ijyb hits you with a +0 club.
You hit Ijyb but do no damage.
Ijyb is lightly wounded.
You block Ijyb's attack.
You closely miss Ijyb.
Ijyb is lightly wounded.
Ijyb screams, "It's all mine!"
Ijyb zaps a wand.
The bolt of dispelling energy hits you! Ijyb barely misses you.
You slash Ijyb!
Ijyb is moderately wounded.
Ijyb hits you but does no damage.
You closely miss Ijyb.
Ijyb is moderately wounded.
Ijyb zaps a wand.
The bolt of dispelling energy hits you!
You die...

........ .<..# ..#
.####### #...###.#
..### #####.......#
#...###........#..#
##....#.###.#....####
#.%#.#.#............
#........#......###
#.#.............#
#.#....#....#.#@#
#.#......#..#.#g...#
#.###...>...#....$...#
#.# #..#.##.###.##.###
#. #........ ... .#
#.##....###.# # ..#
###


You could see Ijyb.

Vanquished Creatures
  Robin (D:3)
  4 adders
  5 orcs (D:3)
  5 ball pythons
  8 endoplasms
  7 giant cockroaches
  7 hobgoblins
  8 quokkas
  7 bats
  13 goblins
  4 kobolds
  8 rats
77 creatures vanquished.

Notes
Turn   | Place    | Note
-------+----------+-------------------------------------------
     0 | D:1      | qw the Gargoyle Fighter began the quest for the Orb.
     0 | D:1      | Reached XP level 1. HP: 14/14 MP: 1/1
     0 | D:1      | 0 ||| qw: Version: 0.2-a-10-g399e6c4
     0 | D:1      | 0 ||| qw: Game counter: 478
     0 | D:1      | 0 ||| qw: Always use a shield: true
     0 | D:1      | 0 ||| qw: God list: Okawaru
     0 | D:1      | 0 ||| qw: Allow faded altars: false
     0 | D:1      | 0 ||| qw: Do Orc after D:15 true
     0 | D:1      | 0 ||| qw: Do second Lair branch before Depths: true
     0 | D:1      | 0 ||| qw: Lair rune preference: random
     0 | D:1      | 0 ||| qw: Plans: Normal, Zot:1-4, God:TSO, Crypt, Tomb,
                  | Pan, Slime:5, Hells, Abyss, Orb
     0 | D:1      | 0 ||| PLANNING D:1-11
    76 | D:1      | Reached skill level 2 in Axes
    84 | D:1      | 84 ||| Stepping ~*~*~tactically~*~*~ (stealth).
   107 | D:1      | 107 ||| Stepping ~*~*~tactically~*~*~ (stealth).
   118 | D:1      | 118 ||| Stepping ~*~*~tactically~*~*~ (stealth).
   169 | D:1      | Reached XP level 2. HP: 19/19 MP: 2/2
   506 | D:1      | Reached skill level 3 in Axes
   558 | D:1      | Reached XP level 3. HP: 23/23 MP: 3/3
  1014 | D:1      | 1014 ||| UPGRADING to +0 cloak.
  1019 | D:1      | 1019 ||| READING scroll labelled QARGHU HOVIW.
  1020 | D:1      | 1020 ||| READING scroll labelled JADUDO WUPHIONAFYT.
  1021 | D:1      | 1021 ||| READING scroll labelled VEYDUV MUAME.
  1067 | D:1      | 1067 ||| READING scroll labelled YNONEIH QAMET.
  1071 | D:2      | 1071 ||| STAIRDANCE
  1077 | D:2      | 1077 ||| STAIRDANCE
  1510 | D:2      | Reached XP level 4. HP: 24/28 MP: 4/4
  1722 | D:2      | 1722 ||| DROPPING +0 hand axe of electrocution.
  1762 | D:2      | Reached skill level 4 in Axes
  1939 | D:2      | 1939 ||| READING 2 scrolls labelled EREAPE EZUICW.
  1940 | D:2      | 1940 ||| READING scroll labelled AJO YDEOJU.
  1941 | D:2      | 1941 ||| READING scroll labelled EJOGERAROU.
  1942 | D:2      | 1942 ||| READING scroll labelled ICAECR JYXZYNO.
  1943 | D:2      | 1943 ||| READING scroll labelled QIHAITRODAE.
  2112 | D:3      | 2112 ||| FLEEEEING.
  2113 | D:3      | 2113 ||| FLEEEEING.
  2114 | D:3      | 2114 ||| FLEEEEING.
  2115 | D:3      | 2115 ||| FLEEEEING.
  2116 | D:3      | 2116 ||| FLEEEEING.
  2117 | D:3      | 2117 ||| FLEEEEING.
  2144 | D:3      | 2144 ||| Stepping ~*~*~tactically~*~*~ (stealth).
  2204 | D:3      | 2204 ||| DROPPING +0 club.
  2207 | D:3      | 2207 ||| DROPPING +0 whip.
  2430 | D:3      | 2430 ||| Stepping ~*~*~tactically~*~*~ (stealth).
  2434 | D:3      | 2434 ||| Stepping ~*~*~tactically~*~*~ (stealth).
  2445 | D:3      | 2445 ||| Stepping ~*~*~tactically~*~*~ (hiding).
  2448 | D:3      | Noticed Robin
  2451 | D:3      | Reached XP level 5. HP: 28/32 MP: 5/5
  2454 | D:3      | Killed Robin
  2563 | D:3      | Noticed Ijyb
  2567 | D:3      | HP: 6/32 [Ijyb/bolt of dispelling energy (12)]
  2569 | D:3      | Killed from afar by Ijyb

Levels and vault maps discovered:
D:1:      psy_arrival_conway, layout_basic
D:2:      layout_loops_cross
D:3:      layout_basic, chequers_serial_rivers_small_3, uniq_ijyb, uniq_robin

Skill      XL: |  1  2  3  4 |
---------------+-------------+-----
Axes           | 2 3 4 |  4.8
Fighting       | |  3.2
Armour         | |  3.2
Shields        | |  3.2

Action                   |  1- 3 |  4- 6 || total
-------------------------+-------+-------++-------
Melee: War axe           |   128 |   109 ||   237
Throw: Boomerang         |       |    13 ||    13
  Use: Scroll            |     4 |     5 ||     9
Armor: Scale mail        |    54 |    50 ||   104
Dodge: Dodged            |    61 |    52 ||   113
Block: Buckler           |    34 |    24 ||    58

Table legend:
 A = Non-vault XP
 B = Vault XP
 C = Vault XP percentage of total XP
 D = Non-vault monster count
 E = Vault monster count
 F = Vault count percentage of total count
                 A         B        C        D         E       F
            +---------+---------+-------+---------+---------+-------
      Total |     161 |      39 |  19.5 |      64 |      13 |  16.9
            +---------+---------+-------+---------+---------+-------
        D:1 |      53 |       0 |   0.0 |      33 |       0 |   0.0
        D:2 |      52 |       0 |   0.0 |      16 |       0 |   0.0
        D:3 |      56 |      39 |  41.1 |      15 |      13 |  46.4
            +---------+---------+-------+---------+---------+-------
